 Dungeon Crawl Stone Soup version 0.28-a0-1241-gf280a0fbb2 (webtiles) character file.

Game seed: 17293387073627625626

2380 HessuHobo the Cleaver (level 9, 0/106 HPs)
             Began as a Demonspawn Berserker on Dec 26, 2021.
             Was a Believer of Trog.
             Slain by a killer bee (1 damage)
             ... on level 7 of the Dungeon.
             The game lasted 00:11:08 (12041 turns).

HessuHobo the Cleaver (Demonspawn Berserker)       Turns: 12041, Time: 00:11:08

Health: 0/106      AC: 10    Str: 27    XL:     9   Next: 22%
Magic:  9/9        EV:  9    Int:  8    God:    Trog [**....]
Gold:   168        SH:  0    Dex: 14    Spells: 8/8 levels left

rFire   . . .      SeeInvis .   z - +3 battleaxe (freeze)
rCold   . . .      Faith    .   (shield currently unavailable)
rNeg    . . .      Spirit   .   f - +0 chain mail
rPois   .          Reflect  .   (helmet restricted)
rElec   .          Harm     .   (no cloak)
rCorr   .          Rampage  .   (no gloves)
Will    ++...                   (no boots)
Stlth   ..........              (no amulet)
HPRegen 1.27/turn               m - +6 ring of strength
MPRegen 0.11/turn               (no ring)

@: berserking (expiring), lethally poisoned (0 -> -4), strong-willed (expiring),
regenerating (expiring), very quick
A: antennae 2, powered by death 1, demonic magic 2
a: Renounce Religion, Berserk, Trog's Hand


You were on level 7 of the Dungeon.
You worshipped Trog.
Trog was pleased with you.
You visited 1 branch of the dungeon, and saw 7 of its levels.

You collected 415 gold pieces.
You spent 247 gold pieces at shops.

Inventory:

Hand Weapons
 a - a +0 hand axe
 d - a +1 short sword of venom
 z - a +3 battleaxe of freezing (weapon)
 A - a +4 war axe
Missiles
 b - 4 throwing nets (quivered)
 e - 203 stones
Armour
 f - a +0 chain mail (worn)
 n - a +2 robe of fire resistance
Jewellery
 m - a +6 ring of strength (left hand)
 r - an amulet of magic regeneration
 w - a ring of willpower
Wands
 p - a wand of flame (22)
 q - a wand of acid (9)
 y - a wand of polymorph (6)
Scrolls
 c - a scroll of fear {unknown}
 g - 2 scrolls of silence {unknown}
 i - 4 scrolls of identify {unknown}
 l - a scroll of teleportation {unknown}
 o - 2 scrolls of holy word {unknown}
 t - a scroll of summoning {unknown}
 v - a scroll of torment {unknown}
Potions
 h - a potion of resistance {unknown}
 j - 2 potions of lignification {unknown}
 k - a potion of heal wounds {unknown}
 s - 2 potions of cancellation {unknown}
 u - a potion of ambrosia {unknown}
 x - 2 potions of flight {unknown}


   Skills:
 + Level 6.6 Fighting
 * Level 8.2 Axes
 + Level 5.6 Armour
 - Level 1.7 Dodging
 + Level 3.2 Evocations


You had 8 spell levels left.
You didn't know any spells.
Your spell library was empty.

Dungeon Overview and Level Annotations

Branches:
Dungeon (7/15)
 Temple: D:4-7

Altars:
Cheibriados
Dithmenos
Elyvilon
Gozag
Kikubaaqudgha
Makhleb
Okawaru
Uskayaw
Vehumet
Wu Jian
Xom
Yredelemnul
The Shining One

Shops:
D:2 :   D:6 (

Annotations:
D:6 exclusion: door


Innate Abilities, Weirdness & Mutations

You have a pair of antennae on your head.
You regenerate a little health from kills.
Spells you cast may paralyse nearby enemies.


Message History

You hit the killer bee. You freeze the killer bee.
The killer bee is moderately wounded.
You feel extremely sick. The killer bee stings you.
The killer bee stings you! x2
You are more poisoned.
The killer bee poisons you!
You miss the killer bee.
The killer bee is lightly wounded.
You feel extremely sick.
The killer bee stings you but does no damage.
The killer bee stings you.
* * * LOW HITPOINT WARNING * * *
You are lethally poisoned!
The killer bee poisons you!
A red film seems to cover your vision as you go berserk!
You feel yourself moving faster!
You feel mighty!
You feel very sick.
The killer bee stings you but does no damage.
The killer bee stings you!
* * * LOW HITPOINT WARNING * * *
You barely miss the killer bee.
The killer bee is lightly wounded.
* * * LOW HITPOINT WARNING * * *
You feel very sick. The killer bee stings you.
* * * LOW HITPOINT WARNING * * *
The killer bee stings you but does no damage.
You are too berserk!
You slice the killer bee!! You freeze the killer bee.
You kill the killer bee!
Trog accepts your kill.
You feel the effects of Trog's Hand fading.
* * * LOW HITPOINT WARNING * * *
You feel very sick.
The killer bee stings you but does no damage.
You barely miss the killer bee.
* * * LOW HITPOINT WARNING * * *
You feel very sick. The killer bee stings you.
You die...

.........##########.#
..####.#.##########.#
#................
##.#.##########.#
#.#.##########.#
###..####.#.............
........................
###.y####.#....#######..
....yyy@.......# #..
.....####.#....# #.. ...
#.#....#######.. . ..
................ ...
##.#....##...##.. #..#
#.#.#####...# ..
#...##.#.#####...##..
##...................
[......#.###.###.....


You could see 4 killer bees.

Vanquished Creatures
  4 ogres
  2 black bears (D:5)
  2 ice beasts (D:7)
  A necrophage (D:7)
  4 kobold brigands (D:6)
  A bullfrog (D:6)
  A water moccasin zombie (D:5)
  A wyvern skeleton (D:6)
  A killer bee (D:7)
  8 wights (D:7)
  2 centaur zombies (D:6)
  A centaur skeleton (D:6)
  3 hounds
  2 jellies
  A gnoll shaman (D:4)
  An iguana (D:5)
  6 orc wizards
  A scorpion zombie (D:3)
  2 hound zombies (D:3)
  A hound skeleton (D:3)
  9 adders
  8 gnolls
  A white imp (D:6)
  An ufetubus (D:5)
  An adder zombie (D:3)
  An adder skeleton (D:3)
  A worm (D:2)
  2 dart slugs (D:3)
  10 orcs
  11 endoplasms
  4 giant cockroaches
  3 goblins
  5 hobgoblins
  10 kobolds
  2 quokkas (D:2)
  11 ball pythons
  2 bats (D:2)
  A frilled lizard (D:2)
  A quokka zombie (D:3)
  4 rats
133 creatures vanquished.

Vanquished Creatures (others)
  9 fungi (D:6)
  6 toadstools (D:6)
  4 withered plants (D:3)
19 creatures vanquished.

Grand Total: 152 creatures vanquished

Notes
Turn   | Place    | Note
-------+----------+-------------------------------------------
     0 | D:1      | HessuHobo the Demonspawn Berserker began the quest for the
                  | Orb.
     0 | D:1      | Reached XP level 1. HP: 18/18 MP: 1/1
   591 | D:1      | Reached skill level 3 in Axes
   764 | D:1      | Discovered your monstrous ancestry.
   764 | D:1      | Gained mutation: You have a pair of small antennae on your
                  | head. [demonic ancestry]
   764 | D:1      | Reached XP level 2. HP: 22/24 MP: 2/2
  2162 | D:2      | Gained mutation: You have a pair of antennae on your head.
                  | [demonic ancestry]
  2162 | D:2      | Reached XP level 3. HP: 29/29 MP: 3/3
  2440 | D:2      | Gained mutation: Spells you cast may paralyse adjacent
                  | enemies. [demonic ancestry]
  2440 | D:2      | Reached XP level 4. HP: 28/35 MP: 4/4
  3219 | D:2      | Found Baiddi's Book Shop.
  3637 | D:3      | You fall into a shaft and drop 3 floors!
  3639 | D:6      | Found Puelauts's Antique Weapon Emporium.
  3689 | D:6      | Reached skill level 4 in Axes
  3807 | D:6      | Noticed an ogre
  3811 | D:6      | Killed an ogre
  3812 | D:6      | Reached XP level 5. HP: 37/42 MP: 5/5
  4076 | D:6      | Reached XP level 6. HP: 35/48 MP: 6/6
  4639 | D:6      | Reached skill level 5 in Axes
  4952 | D:5      | Entered Level 5 of the Dungeon
  5382 | D:5      | Reached XP level 7. HP: 55/55 MP: 7/7
  5597 | D:5      | Found a basalt altar of Yredelemnul.
  5597 | D:5      | Found a burning altar of Makhleb.
  5597 | D:5      | Found a shimmering altar of Xom.
  5597 | D:5      | Found a radiant altar of Vehumet.
  5598 | D:5      | Found an ancient bone altar of Kikubaaqudgha.
  5600 | D:5      | Found an opulent altar of Gozag.
  5600 | D:5      | Found a snail-covered altar of Cheibriados.
  5600 | D:5      | Found an iron altar of Okawaru.
  5627 | D:5      | Reached skill level 5 in Fighting
  5806 | D:4      | Found a shadowy altar of Dithmenos.
  5807 | D:4      | Found an ornate altar of the Wu Jian Council.
  5830 | D:4      | Reached skill level 6 in Axes
  6890 | D:3      | Reached ** piety under Trog
  7211 | D:3      | Found a faded altar of an unknown god.
  7288 | D:3      | Gained mutation: Spells you cast may paralyse nearby
                  | enemies. [demonic ancestry]
  7288 | D:3      | Reached XP level 8. HP: 63/63 MP: 8/8
  7324 | D:3      | Found a hide-covered altar of Uskayaw.
  8820 | D:6      | Reached skill level 7 in Axes
  8820 | D:6      | Reached skill level 1 in Evocations
  9595 | D:6      | Reached skill level 5 in Armour
  9608 | D:6      | Noticed a slime creature
  9608 | D:6      | Noticed a slime creature
  9608 | D:6      | Noticed a slime creature
  9829 | D:6      | Bought a runed battleaxe for 247 gold pieces
 10422 | D:7      | HP: 1/87 [wight (13)]
 10858 | D:7      | Gained mutation: You regenerate a little health from kills.
                  | [demonic ancestry]
 10858 | D:7      | Reached XP level 9. HP: 67/67 MP: 9/9
 11077 | D:7      | Reached skill level 8 in Axes
 12039 | D:7      | HP: 5/106 [killer bee (4)]
 12041 | D:7      | HP: 1/106 [poisoned by a killer bee]
 12041 | D:7      | Slain by a killer bee

Illustrated notes

Levels and vault maps discovered:
D:1:      amcnicky_arrival_underground_garden, layout_loops_cross,
          nrook_campfire
D:2:      layout_loops_ring, serial_shops, nicolae_shop_behind_doors
D:3:      layout_basic, lemuel_doored_altar, basic_ecumenical_altar,
          serial_undead, serial_undead_f, serial_undead_a, serial_undead_f,
          serial_undead_e, serial_undead_b, serial_undead_f
D:4:      layout_cave_pools, chequers_temple_overflow_statue_of_worship
D:5:      nicolae_BIG_FREAKIN_CUBE, layout_cave_pools, nicolae_overflows_in_rows
D:6:      cheibrodos_fertilizer, layout_rooms, serial_shops,
          nicolae_shop_hallway_stairs, minmay_misc_feat_diagonals,
          minmay_crystal_room, hangedman_decor_opposing,
          kennysheep_generic_room_8
D:7:      layout_basic, minmay_temple_entry_tees

Skill      XL: |  1  2  3  4  5  6  7  8  9 |
---------------+----------------------------+-----
Axes           | 3 4 5 6 7 8 |  8.2
Armour         | 2 3 4 5 |  5.6
Fighting       | 4 5 6 |  6.6
Evocations     | 2 3 |  3.2
Dodging        | |  1.7

Action                   |  1- 3 |  4- 6 |  7- 9 || total
-------------------------+-------+-------+-------++-------
Melee: Hand axe          |   117 |   144 |   308 ||   569
       Battleaxe         |       |       |    58 ||    58
Throw: Throwing net      |     2 |       |       ||     2
Invok: Berserk           |     2 |     4 |    10 ||    16
       Trog's Hand       |       |       |     2 ||     2
Armor: Leather armour    |     7 |       |       ||     7
       Chain mail        |    43 |    71 |   170 ||   284
Dodge: Dodged            |    54 |    61 |   143 ||   258

Table legend: (Time is in decaauts)
 A = Elapsed time spent in this place.
 B = Non-inter-level travel time spent in this place.
 C = Inter-level travel time spent in this place.
 D = Time resting spent in this place.
 E = Time spent auto-exploring this place.
 F = Levels seen in this place.
 G = Mean time per level.
                   A        B        C        D        E       F      G
               +--------+--------+--------+--------+--------+-----+--------+
         Total |  12221 |  11920 |    301 |   6803 |   3647 |   7 | 1745.9 |
       Dungeon |  12221 |  11920 |    301 |   6803 |   3647 |   7 | 1745.9 |
               +--------+--------+--------+--------+--------+-----+--------+

Top non-repeatable levels by time:
     D:6: 2935 daAuts
     D:2: 2113 daAuts
     D:5: 1709 daAuts
     D:1: 1551 daAuts
     D:3: 1466 daAuts
     D:7: 1440 daAuts
     D:4: 1004 daAuts
